AoeStats
← Lakrini

Black Forest

503522943Analyzed
3v3 RM · 1mo ago on Sep 1, 2026· 40m 16s· 6 players
Game mode
Random Map
Map size
Normal (6 player)
Population
200
Speed
Normal
Resources
Standard
Victory
Conquest
Starting age
Dark Age
Ending age
Imperial Age
RankedLock teamsTeams togetherTeam positionsShared explorationLock speedFull tech treeHidden civsTurbo modeCheats
Victory
Defeat
🇷🇺 Italians · Russia
1457
+10
🇵🇪 Japanese · Peru
1361
+14
🇨🇱 Persians · Chile
1322
+16
🇺🇸 Burgundians · United States
1354
-15
🇨🇴 Cumans · Colombia
1328
-14
🇨🇴 Vietnamese · Colombia
1289
-12
Lakrini
6:44 Double-Bit Axe
7:27 Loom
7:50 Loom
10:05 Feudal Age
12:31 Scale Barding Armor
12:52 Bow Saw
17:58 Horse Collar
23:04 Castle Age
20:57 Gold Mining
21:09 Heavy Plow
22:20 Wheelbarrow
22:15 Forging
23:03 Gold Shaft Mining
23:07 Cavalier
24:09 Chain Barding Armor
24:20 Husbandry
25:53 Iron Casting
28:51 Hand Cart
39:00 Imperial Age
36:45 Fortified Wall
38:27 Two-Man Saw
38:06 Crop Rotation
37:28 Stone Mining
38:20 Ballistics
39:10 Paladin
40:26 Plate Barding Armor
40:52 Blast Furnace
41:15 Stone Shaft Mining
[InFaa] Pacho
0:27 Loom
12:13 Feudal Age
13:23 Double-Bit Axe
22:18 Castle Age
21:02 Horse Collar
21:32 Fletching
22:19 Gold Mining
22:23 Crossbowman
23:48 Bow Saw
24:25 Bodkin Arrow
28:42 Squires
31:14 Wheelbarrow
31:06 Ballistics
31:16 Padded Archer Armor
36:42 Imperial Age
35:31 Leather Archer Armor
35:36 Hand Cart
36:50 Thumb Ring
36:38 Treadmill Crane
37:06 Town Watch
37:24 Bracer
38:27 Chemistry
38:04 Hoardings
37:59 Arbalester
40:11 Ring Archer Armor
AmB
1:25 Loom
10:18 Feudal Age
11:07 Double-Bit Axe
20:36 Horse Collar
25:07 Castle Age
25:29 Bloodlines
26:34 Bow Saw
29:34 Wheelbarrow
30:12 Heavy Plow
31:44 Hand Cart
35:21 Imperial Age
33:00 Gold Mining
33:00 Stone Mining
33:59 Masonry
35:22 Pikeman
36:02 Squires
36:16 Halberdier
37:41 Gold Shaft Mining
37:20 Scale Mail Armor
37:31 Forging
37:12 Onager
39:30 Chemistry
Seu Madruga
9:15 Feudal Age
9:31 Man-at-Arms
10:06 Double-Bit Axe
11:02 Loom
20:51 Castle Age
19:27 Gold Mining
20:59 Fletching
21:10 Padded Archer Armor
21:42 Bodkin Arrow
22:19 Husbandry
23:36 Horse Collar
28:27 Thumb Ring
31:48 Ballistics
31:52 Guard Tower
34:26 Leather Archer Armor
35:29 Bloodlines
38:35 Wheelbarrow
40:53 Imperial Age
39:01 Wheelbarrow
38:58 Masonry
Gabito
10:09 Feudal Age
14:16 Castle Age
12:54 Double-Bit Axe
13:42 Scale Barding Armor
13:33 Horse Collar
15:19 Loom
15:55 Husbandry
17:24 Bow Saw
18:47 Heavy Plow
21:17 Wheelbarrow
21:49 Forging
22:06 Chain Barding Armor
22:07 Bloodlines
23:16 Chain Barding Armor
23:27 Town Watch
24:24 Iron Casting
24:49 Hand Cart
28:49 Fervor
31:31 Gold Mining
34:19 Imperial Age
33:36 Gold Shaft Mining
33:58 Cavalier
34:22 Heavy Camel Rider
36:32 Blast Furnace
37:08 Plate Barding Armor
38:22 Chemistry
39:10 Fletching
39:46 Stone Mining
39:59 Fletching
39:55 Savar
40:43 Bodkin Arrow
YuriiVegas
1:04 Loom
10:16 Feudal Age
11:28 Double-Bit Axe
16:03 Castle Age
13:55 Horse Collar
17:02 Bow Saw
17:40 Heavy Plow
24:31 Wheelbarrow
24:25 Gold Mining
25:37 Stone Mining
26:29 Caravan
27:15 Town Watch
27:50 Hand Cart
30:11 Stone Shaft Mining
32:52 Imperial Age
31:25 Fletching
32:00 Ballistics
31:22 Treadmill Crane
32:05 Ballistics
31:55 Masonry
31:56 Scale Mail Armor
32:26 Squires
33:21 Chain Mail Armor
34:31 Plate Mail Armor
35:04 Chemistry
34:27 Guilds
34:58 Conscription
35:04 Silk Road
35:02 Forging
36:21 Two-Man Saw
35:16 Arson
37:13 Fortified Wall
37:33 Architecture
38:01 Town Watch
40:31 Iron Casting
39:51 Bodkin Arrow
40:45 Pirotechnia
41:11 Hoardings
Connection lost

Rejoining the realm…

Still unreachable

The connection could not be restored.

Session expired

The server has moved on; the page needs a fresh start.